 Dungeon Crawl Stone Soup version 0.28-a0-1510-gd0f6b136d3 (webtiles) character file.

Game seed: 528813948059796916

83 Shayle the Ducker (level 4, -4/34 HPs)
             Began as a Djinni Warper on Jan 15, 2022.
             Slain by an orc (6 damage)
             ... on level 3 of the Dungeon.
             The game lasted 00:05:20 (3307 turns).

Shayle the Ducker (Djinni Warper)                   Turns: 3307, Time: 00:05:21

Health: -4/34      AC:  3    Str: 10    XL:     4   Next: 71%
Gold:   159        EV: 12    Int: 22    God:
                   SH:  0    Dex: 13

rFire   + + .      SeeInvis .     - Unarmed
rCold   x . .      Faith    .   (no shield)
rNeg    . . .      Spirit   .   a - +0 leather armour
rPois   ∞          Reflect  .   (no helmet)
rElec   .          Harm     .   (no cloak)
rCorr   .          Rampage  .   (no gloves)
Will    .....                   (boots unavailable)
Stlth   +.........              (no amulet)
HPRegen 0.11/turn               i - +6 ring of intelligence
MPRegen 0.00/turn               (no ring)

@: flying
A: sickness immunity, fire resistance 2, cold vulnerability 1, float, innate
caster, hp casting, extra vitality 1
a: no special abilities


You were on level 3 of the Dungeon.
You visited 1 branch of the dungeon, and saw 3 of its levels.

You collected 159 gold pieces.

Inventory:

Missiles
 c - 5 boomerangs of dispersal (quivered)
 k - 27 stones
Armour
 a - a +0 leather armour (worn)
Jewellery
 i - a +6 ring of intelligence (left hand)
 l - a ring of fire
Scrolls
 b - a scroll of blinking
 d - 2 scrolls of vulnerability
 f - 2 scrolls of teleportation {unknown}
Potions
 e - 2 potions of curing
 g - a potion of heal wounds {unknown}
 h - a potion of attraction {unknown}
 j - a potion of mutation {unknown}
 m - a potion of flight {unknown}


   Skills:
 + Level 2.8 Fighting
 - Level 0.7 Throwing
 - Level 1.0 Armour
 + Level 3.1 Dodging
 + Level 2.8 Unarmed Combat
 + Level 2.8 Spellcasting


You couldn't memorise any spells.
You knew the following spells:

 Your Spells              Type           Power      Damage    Failure   Level
a - Blink                 Tloc           30%        N/A       8%          2
b - Lesser Beckoning      Tloc           15%        N/A       16%         3
c - Gell's Gravitas       Tloc           15%        N/A       16%         3
d - Teleport Other        Tloc           15%        N/A       16%         3
e - Manifold Assault      Tloc           15%        N/A       82%         5
f - Sandblast             Erth           30%        2d9       5%          1
Your spell library was empty.

Dungeon Overview and Level Annotations

Branches:
Dungeon (3/15)

Altars:
Qazlal

Shops:
D:2 [


Innate Abilities, Weirdness & Mutations

You are immune to sickness and miasma.
You are immune to poison.
Your flesh is very heat resistant. (rF++)
You are vulnerable to cold. (rC-)
You float through the air rather than walking.
You learn spells naturally, not from books.
Your magical power is your life essence.
You have superior vitality. (+4 MHP)


Message History

You barely miss the jackal.
The jackal is heavily wounded.
The jackal bites you.
You hit the jackal.
You kill the jackal!
You barely miss the jackal. The jackal misses you.
You barely miss the jackal.
The jackal bites you but does no damage.
You hit the jackal.
The jackal is moderately wounded.
The jackal barely misses you.
You barely miss the jackal.
The jackal is moderately wounded.
The jackal bites you but does no damage.
The jackal bites you.
You hit the jackal.
You kill the jackal!
You hit the dart slug.
The dart slug is lightly wounded.
The dart slug closely misses you.
You hit the dart slug.
The dart slug is heavily wounded.
An orc comes into view. It is wielding a +0 flail.
The orc shouts!
You hit the dart slug.
You kill the dart slug!
The orc throws a stone.
The stone hits you.
The orc throws a stone.
The stone closely misses you.
Things that are here:
a dart slug corpse; a jackal corpse The orc hits you with a +0 flail.
* * * LOW HITPOINT WARNING * * *
You hit the orc.
The orc is moderately wounded.
The orc hits you with a +0 flail!
* * * LOW HITPOINT WARNING * * *
You hit the orc.
The orc is severely wounded.
The orc hits you with a +0 flail.
You die...

####### ##.......
##### #.......
.... ......##
##.###..#...#
##...##...# #
#....†....# ..
##...##...###.#
##@###..#...###
#o# #.$....... ..#
##.#...##≈
##########......≈≈
..# ##...##.#≈≈≈#
#.# ##.......#≈≈≈w
#.###........≈#≈≈≈
#.##....h...≈#≈≈≈≈
#
#.##.......≈≈≈≈≈≈


You could see an orc.

Vanquished Creatures
  2 adders
  A worm (D:2)
  3 dart slugs (D:3)
  6 ball pythons
  6 endoplasms
  2 giant cockroaches
  6 goblins
  3 hobgoblins
  2 jackals (D:3)
  6 kobolds
  3 quokkas
  5 bats
  3 frilled lizards
  3 rats (D:2)
51 creatures vanquished.

Vanquished Creatures (others)
  2 demonic plants (D:2)
2 creatures vanquished.

Grand Total: 53 creatures vanquished

Notes
Turn   | Place    | Note
-------+----------+-------------------------------------------
     0 | D:1      | Shayle the Djinni Warper began the quest for the Orb.
     0 | D:1      | Reached XP level 1. HP: 18/18 MP: 0/0
   285 | D:1      | Reached XP level 2. HP: 15/23 MP: 0/0
  1050 | D:1      | Reached XP level 3. HP: 11/29 MP: 0/0
  1050 | D:1      | Learned a level 1 spell: Sandblast
  1830 | D:2      | Found a stormy altar of Qazlal.
  1991 | D:2      | Found Kozem's Antique Armour Shoppe.
  2601 | D:2      | Reached XP level 4. HP: 9/34 MP: 0/0
  2980 | D:2      | Reached skill level 3 in Dodging
  3049 | D:2      | Found a faded altar of an unknown god.
  3307 | D:3      | Slain by an orc

Illustrated notes

Levels and vault maps discovered:
D:1:      amcnicky_arrival_abandoned_market, layout_basic,
          minmay_split_cup_large
D:2:      layout_loops_ring, basic_altar, shapermc_ecumenical_altar_flowoftime,
          serial_shops, shop
D:3:      kennysheep_slugbush, layout_loops_ring, glass_columns_a, uniq_terence,
          uniq_jessica

Skill      XL: |  1  2  3  4 |
---------------+-------------+-----
Dodging        | 3 |  3.1
Fighting       | |  2.8
Throwing       | |  0.7
Armour         | |  1.0
Unarmed Combat | |  2.8
Spellcasting   | |  2.8

Action                   |  1- 3 |  4- 6 || total
-------------------------+-------+-------++-------
Melee: Unarmed           |   189 |    58 ||   247
       Punch             |     3 |     1 ||     4
 Cast: Sandblast         |       |     3 ||     3
  Use: Scroll            |     3 |       ||     3
Armor: Leather armour    |    35 |    11 ||    46
Dodge: Dodged            |   122 |    20 ||   142

Table legend: (Time is in decaauts)
 A = Elapsed time spent in this place.
 B = Non-inter-level travel time spent in this place.
 C = Inter-level travel time spent in this place.
 D = Time resting spent in this place.
 E = Time spent auto-exploring this place.
 F = Levels seen in this place.
 G = Mean time per level.
                   A        B        C        D        E       F      G
               +--------+--------+--------+--------+--------+-----+--------+
         Total |   3294 |   3191 |    103 |    889 |   1664 |   3 | 1098.0 |
       Dungeon |   3294 |   3191 |    103 |    889 |   1664 |   3 | 1098.0 |
               +--------+--------+--------+--------+--------+-----+--------+

Top non-repeatable levels by time:
     D:2: 1586 daAuts
     D:1: 1513 daAuts
     D:3: 195 daAuts
